Map: Lerilak Crest

Players

lesha - Winner!

  • Race: Terran Terran
  • League: Silver

Actrapid

  • Race: Protoss Protoss
  • League: Silver

VOD

Have the link to the VOD?

Description

Time

  • Played on: Jan. 1, 2016, 4:58 a.m.
  • Length: 8:41
Show
View Real Time Build Order
Export as new Build Order

lesha Terran - Winner!

Build Orders: Reaper Expand 

Get SALT Encoding   

  12  0:01  SCV  
  13  0:15  SCV  
  13  0:18  Supply Depot  
  14  0:27  SCV  
  15  0:40  SCV  
  15  0:41  Barracks  
  16  0:50  Refinery  
  16  0:52  SCV  
  17  1:04  SCV  
  18  1:16  SCV  
  19  1:28  Orbital Command  
  19  1:33  Reaper  
  20  1:43  Command Center  
  20  1:54  SCV  
  20  1:56  Supply Depot  
  20  2:00  Refinery  
  21  2:09  SCV  
  21  2:11  Barracks Reactor  
  22  2:21  SCV  
  23  2:30  Factory  
  23  2:37  Barracks  
  22  3:25  SCV  
  23  3:38  SCV  
  23  3:40  Orbital Command  
  24  3:43  Factory Tech Lab  
  24  3:44  Barracks Reactor  
  24  3:53  SCV, Barracks x2  
  25  3:58  Starport  
  25  4:02  Marine  
  25  4:03  Marine  
  25  4:04  Siege Tank  
  25  4:05  SCV  
  25  4:08  SCV  
  32  4:17  SCV  
  32  4:18  Supply Depot  
  32  4:20  SCV  
  32  4:21  Marine  
  32  4:22  Marine x3  
  38  4:30  Engineering Bay  
  38  4:32  SCV  
  38  4:33  SCV  
  38  4:37  Starport Reactor  
  40  4:41  Supply Depot  
  36  4:53  Marine x3  
  36  4:54  Barracks Reactor, Barracks Tech Lab  
  39  5:00  SCV x2  
  40  5:08  Terran Infantry Weapons Level 1  
  40  5:12  SCV x2  
  42  5:15  Marine  
  42  5:16  Marine x2  
  42  5:17  Marine  
  42  5:18  Marauder  
  42  5:21  Medivac  
  50  5:30  SCV x2, Refinery x2  
  50  5:31  Marine x2  
  50  5:33  Widow Mine, Marine x2  
  58  5:42  SCV x2  
  60  5:47  Bunker, Marine  
  60  5:48  Marine  
  62  5:56  Supply Depot  
  62  6:00  Stimpack  
  62  6:09  Barracks  
  62  6:18  SCV, Medivac x2, Marine x3  
  70  6:26  Supply Depot  
  70  6:27  Supply Depot  
  70  6:44  Missile Turret x2  
  70  6:47  SCV, Missile Turret, Marine x7  
  70  6:50  Missile Turret  
  70  6:51  Missile Turret  
  78  6:55  Marine  
  79  7:01  Armory  
  79  7:07  Engineering Bay  
  79  7:14  SCV x2  
  81  7:16  Marine  
  82  7:26  SCV x2  
  84  7:33  Marine x2  
  84  7:36  Barracks Tech Lab  
  86  7:53  Supply Depot x3  
  86  7:57  Command Center, Supply Depot  
  86  8:14  Marine x5  
Show
View Real Time Build Order
Export as new Build Order

Actrapid Protoss 

Build Orders:  

Get SALT Encoding   

  12  0:01  Probe (Chrono Boost)  
  13  0:11  Probe (Chrono Boost)  
  14  0:20  Pylon  
  14  0:22  Probe (Chrono Boost)  
  15  0:38  Probe (Chrono Boost)  
  16  0:49  Probe (Chrono Boost)  
  17  0:59  Probe (Chrono Boost)  
  18  1:07  Nexus  
  18  1:10  Probe (Chrono Boost)  
  19  1:17  Gateway  
  19  1:22  Assimilator  
  19  1:26  Probe (Chrono Boost)  
  20  1:36  Probe (Chrono Boost)  
  20  1:39  Pylon  
  22  1:47  Probe (Chrono Boost)  
  22  1:50  Assimilator  
  22  1:57  Probe (Chrono Boost)  
  23  2:08  Probe (Chrono Boost)  
  24  2:09  Cybernetics Core  
  24  2:18  Probe (Chrono Boost)  
  26  2:22  Probe (Chrono Boost)  
  26  2:28  Gateway  
  26  2:29  Probe (Chrono Boost)  
  27  2:33  Probe (Chrono Boost)  
  28  2:40  Probe (Chrono Boost)  
  28  2:43  Probe (Chrono Boost)  
  30  2:45  Warp Gate (Chrono Boost)  
  30  2:50  Probe (Chrono Boost)  
  31  2:53  Probe (Chrono Boost)  
  31  2:54  Adept (Chrono Boost)  
  32  3:19  Mothership Core  
  34  3:24  Probe  
  35  3:34  Probe  
  35  3:39  Stalker (Chrono Boost)  
  35  3:40  Stalker (Chrono Boost)  
  40  3:45  Probe  
  40  3:46  Gateway  
  41  3:51  Pylon  
  41  4:03  Pylon  
  41  4:06  Probe  
  41  4:07  Probe, Pylon  
  43  4:17  Probe (Chrono Boost), Forge  
  43  4:20  Probe (Chrono Boost)  
  45  4:29  Probe (Chrono Boost)  
  47  4:31  Probe (Chrono Boost)  
  47  4:40  Probe (Chrono Boost)  
  47  4:42  Probe (Chrono Boost)  
  45  4:56  Probe (Chrono Boost)  
  45  4:57  Probe (Chrono Boost)  
  45  5:01  Pylon  
  45  5:04  Protoss Ground Weapons Level 1  
  45  5:07  Probe (Chrono Boost)  
  45  5:09  Forge  
  45  5:10  Photon Cannon  
  46  5:16  Probe (Chrono Boost)  
  46  5:18  Probe (Chrono Boost)  
  46  5:19  Assimilator  
  48  5:27  Probe (Chrono Boost)  
  48  5:28  Probe (Chrono Boost)  
  50  5:30  Nexus  
  50  5:35  Robotics Facility  
  50  5:37  Probe (Chrono Boost)  
  50  5:39  Probe (Chrono Boost)  
  50  5:42  Pylon  
  52  5:48  Probe (Chrono Boost)  
  52  5:49  Probe (Chrono Boost)  
  54  5:56  Assimilator  
  54  5:58  Probe (Chrono Boost)  
  54  5:59  Protoss Ground Armor Level 1  
  54  6:00  Probe (Chrono Boost)  
  56  6:13  Twilight Council, Gateway  
  56  6:14  Gateway  
  56  6:16  Gateway  
  56  6:22  Pylon  
  56  6:26  Photon Cannon  
  56  6:27  Pylon  
  56  6:29  Observer  
  57  6:36  Probe x2 (Chrono Boost), Pylon  
  59  6:42  Pylon  
  59  6:45  Pylon  
  60  6:47  Probe (Chrono Boost)  
  60  6:50  Immortal  
  64  7:01  Dark Shrine  
  64  7:02  Probe x2 (Chrono Boost)  
  64  7:06  Robotics Bay  
  66  7:11  Probe (Chrono Boost)  
  66  7:13  Probe x2 (Chrono Boost)  
  66  7:14  Stalker  
  71  7:22  Probe (Chrono Boost)  
  72  7:23  Probe x2 (Chrono Boost)  
  74  7:31  Stalker  
  74  7:32  Stalker  
  74  7:34  Stalker x2  
  82  7:44  Stalker  
  84  7:52  Photon Cannon  
  84  7:57  Immortal  
  71  8:20  Stalker, Zealot  
  71  8:21  Zealot  
Tags
 
Add a new tag
Caveats
  • Supply blocks, unpowered buildings, or Contaminate may cause inaccurate times.
  • Supply counts are checked every 10 seconds.